AoeStats
← 凉拌皮蛋

African Clearing

506817335Analyzed
4v4 RM · 17d ago on Sep 15, 2026· 30m 15s· 8 players
Game mode
Random Map
Map size
Large (8 player)
Population
200
Speed
Normal
Resources
Standard
Victory
Conquest
Starting age
Dark Age
Ending age
Imperial Age
RankedLock teamsTeams togetherTeam positionsShared explorationLock speedFull tech treeHidden civsTurbo modeCheats
Victory
Defeat
🇨🇳 Spanish · China
1768
+9
🇨🇳 Teutons · China
1642
+13
🇪🇸 Malians · Spain
1637
+13
🇨🇳 Chinese · China
1597
+15
🇲🇽 Jurchens · Mexico
1715
-18
🇨🇿 Mapuche · Czechia
1598
-13
🇧🇪 Maya · Belgium
1516
-10
🇨🇳 Khmer · China
1497
-9
冬瀑
11:22 Loom
11:26 Loom
13:40 Feudal Age
15:07 Double-Bit Axe
15:14 Town Watch
17:56 Castle Age
16:00 Horse Collar
16:19 Horse Collar
16:33 Gold Mining
17:36 Bloodlines
17:32 Scale Barding Armor
17:41 Forging
18:49 Horse Collar
21:58 Scale Barding Armor
25:56 Heavy Plow
26:48 Bow Saw
28:06 Wheelbarrow
28:49 Chain Barding Armor
29:37 Iron Casting
30:03 Stone Mining
30:37 Fervor
Pelopincho
4:04 Loom
5:31 Loom
12:21 Feudal Age
12:53 Double-Bit Axe
13:24 Man-at-Arms
15:18 Town Watch
16:09 Arson
21:00 Wheelbarrow
23:39 Castle Age
21:47 Horse Collar
21:58 Gold Mining
23:28 Scale Barding Armor
23:33 Forging
23:35 Bloodlines
24:41 Bow Saw
24:32 Heavy Plow
29:46 Stone Mining
30:31 Gold Shaft Mining
aaa
3:29 Loom
13:44 Feudal Age
18:43 Castle Age
18:22 Fletching
18:26 Double-Bit Axe
26:31 Bodkin Arrow
28:16 Padded Archer Armor
29:05 Wheelbarrow
28:16 Town Watch
29:30 Ballistics
29:41 Leather Archer Armor
清远华
12:37 Feudal Age
12:40 Loom
16:25 Castle Age
14:31 Double-Bit Axe
16:04 Horse Collar
26:48 Padded Archer Armor
29:40 Husbandry
30:30 Bloodlines
eL| Barry_Allen
11:59 Loom
14:41 Feudal Age
21:02 Castle Age
19:32 Double-Bit Axe
22:02 Town Watch
25:01 Bow Saw
Whop
7:00 Loom
12:39 Feudal Age
13:20 Double-Bit Axe
15:21 Fletching
24:06 Castle Age
22:50 Padded Archer Armor
24:23 Crossbowman
Franczesco
10:50 Loom
15:25 Feudal Age
20:11 Castle Age
19:22 Double-Bit Axe
26:20 Ballistics
28:43 Padded Archer Armor
30:08 Fletching
凉拌皮蛋
11:20 Feudal Age
9:37 Loom
11:52 Double-Bit Axe
13:59 Forging
15:08 Horse Collar
20:10 Wheelbarrow
20:48 Gold Mining
20:50 Fishing Lines
24:30 Castle Age
22:54 Scale Barding Armor
Connection lost

Rejoining the realm…

Still unreachable

The connection could not be restored.

Session expired

The server has moved on; the page needs a fresh start.